 Dungeon Crawl Stone Soup version 0.29-a0-284-gf9362112df (webtiles) character file.

Game seed: 18358425153791172082

42 Ijustatesigmund the Chopper (level 3, 0/34 HPs)
             Began as a Minotaur Monk on Mar 14, 2022.
             Slain by a gnoll
             ... wielding a +0 whip
              (8 damage)
             ... on level 2 of the Dungeon.
             The game lasted 00:01:53 (716 turns).

Ijustatesigmund the Chopper (Minotaur Monk)          Turns: 716, Time: 00:01:53

Health: 0/34       AC:  5    Str: 17    XL:     3   Next: 35%
Magic:  2/2        EV: 11    Int:  7    God:
Gold:   72         SH:  0    Dex: 12    Spells: 2/2 levels left

rFire   . . .      SeeInvis .   a - +0 hand axe
rCold   . . .      Faith    .   (no shield)
rNeg    . . .      Spirit   .   b - +0 ring mail
rPois   .          Reflect  .   (helmet restricted)
rElec   .          Harm     .   (no cloak)
rCorr   .          Rampage  .   (no gloves)
Will    .....                   (no boots)
Stlth   +.........              (no amulet)
HPRegen 0.11/turn               (no ring)
MPRegen 0.08/turn               (no ring)

@: no status effects
A: horns 2, retaliatory headbutt
a: no special abilities


You were on level 2 of the Dungeon.
You visited 1 branch of the dungeon, and saw 2 of its levels.

You collected 72 gold pieces.

Inventory:

Hand Weapons
 a - a +0 hand axe (weapon)
Armour
 b - a +0 ring mail (worn)
Scrolls
 d - a scroll of teleportation
Potions
 c - a potion of ambrosia
 e - a potion of resistance
 h - a potion of curing


   Skills:
 + Level 4.6 Fighting
 + Level 4.6 Axes
 - Level 3.2 Dodging
 - Level 1.5 Stealth


You had 2 spell levels left.
You didn't know any spells.
Your spell library contained the following spells:

 Spells                   Type           Power      Damage    Failure   Level
 Slow                     Hex            0%         N/A       65%         1
 Confusing Touch          Hex            0%         N/A       95%         3
 Vampiric Draining        Necr           0%         2d6       95%         3


Dungeon Overview and Level Annotations

Branches:
Dungeon (2/15)

Altars:


Innate Abilities, Weirdness & Mutations

You have a pair of horns on your head.
You reflexively headbutt those who attack you in melee.


Message History

The kobold hits you with a +0 short sword.
A gnoll comes into view. It is wielding a +0 whip.
The gnoll shouts!
You hit the kobold.
You kill the kobold!
The gnoll closely misses you.
Things that are here:
a +0 short sword; 4 stones; a kobold corpse You slash the gnoll!
You headbutt the gnoll.
The gnoll is severely wounded.
You hit the gnoll. The gnoll hits you with a +0 spear.
The gnoll hits you with a +0 flail.
You closely miss the gnoll. You headbutt the gnoll.
You kill the gnoll!
You hit the gnoll but do no damage. You hit the gnoll.
The gnoll hits you with a +0 spear. The gnoll closely misses you.
You hit the gnoll.
The gnoll is severely wounded.
You hit the gnoll but do no damage. The gnoll hits you with a +0 whip.
The gnoll hits you with a +0 spear.
You are too injured to fight recklessly!
You are too injured to fight recklessly!
You are too injured to fight recklessly!
You are too injured to fight recklessly!
You are too injured to fight recklessly!
It was a potion of curing.
You feel better. The gnoll hits you but does no damage.
The gnoll hits you with a +0 whip.
You barely miss the gnoll.
You headbutt the gnoll, but do no damage.
The gnoll is severely wounded.
You hit the gnoll. The gnoll closely misses you. x2
You hit the gnoll but do no damage.
The gnoll is severely wounded.
You hit the gnoll. The gnoll hits you with a +0 spear.
The gnoll hits you with a +0 whip!
* * * LOW HITPOINT WARNING * * *
You hit the gnoll.
You kill the gnoll!
You closely miss the gnoll. The gnoll hits you with a +0 whip!
You die...

#.#.....†..... ###
#.#...<....... ..
#...#......... #.#
##............
##(.###...#...##.##
..........#...# #
###.#........#
#########....[.#.....
.....$g@)......#......
......)).##....##...#.#
..........#....# .#...#
..........#....# #..
..^.......###.##
.........## .#
#...#...## .# #########


You could see a gnoll.

Vanquished Creatures
  2 gnolls (D:2)
  An adder (D:2)
  A dart slug (D:1)
  3 endoplasms (D:1)
  A goblin (D:1)
  5 hobgoblins (D:1)
  4 kobolds
  A quokka (D:1)
  A bat (D:1)
  A frilled lizard (D:1)
  A rat (D:1)
21 creatures vanquished.

Notes
Turn   | Place    | Note
-------+----------+-------------------------------------------
     0 | D:1      | Ijustatesigmund the Minotaur Monk began the quest for the
                  | Orb.
     0 | D:1      | Reached XP level 1. HP: 19/19 MP: 0/0
   156 | D:1      | Reached XP level 2. HP: 26/27 MP: 1/1
   441 | D:1      | Found a faded altar of an unknown god.
   699 | D:2      | Reached XP level 3. HP: 33/34 MP: 2/2
   716 | D:2      | Slain by a gnoll

Illustrated notes

Levels and vault maps discovered:
D:1:      nagdon_arrival_zigzag_paths, layout_rooms, basic_ecumenical_altar,
          chequers_serial_rivers_room_a, minmay_misc_feat_cross
D:2:      layout_rooms, pf_guarded_unrand_woodcutter

Skill      XL: |  1 |
---------------+----+-----
Fighting       | 4 |  4.6
Axes           | 4 |  4.6
Dodging        | |  3.2
Stealth        | |  1.5

Action                   || total
-------------------------++-------
Melee: Hand axe          ||    39
       Headbutt          ||    10
  Use: Scroll            ||     3
       Potion            ||     1
 Stab: Sleeping          ||     1
Armor: Ring mail         ||     4
Dodge: Dodged            ||    24

Table legend: (Time is in decaauts)
 A = Elapsed time spent in this place.
 B = Non-inter-level travel time spent in this place.
 C = Inter-level travel time spent in this place.
 D = Time resting spent in this place.
 E = Time spent auto-exploring this place.
 F = Levels seen in this place.
 G = Mean time per level.
                   A        B        C        D        E       F      G
               +--------+--------+--------+--------+--------+-----+--------+
         Total |    719 |    674 |     45 |      3 |    535 |   2 |  359.5 |
       Dungeon |    719 |    674 |     45 |      3 |    535 |   2 |  359.5 |
               +--------+--------+--------+--------+--------+-----+--------+

Top non-repeatable levels by time:
     D:1: 698 daAuts
     D:2: 21 daAuts
